 Dungeon Crawl Stone Soup version 0.23.2 (webtiles) character file.

Game seed: 13706299715667296694

116476 Norn the Martial Artist (level 16, 0/147 HPs)
             Began as a Grey Draconian Transmuter on Apr 8, 2019.
             Was the Champion of Okawaru.
             Slain by a jumping spider (7 damage)
             ... on level 2 of the Spider Nest on Apr 9, 2019.
             The game lasted 02:06:57 (37788 turns).

Norn the Martial Artist (DrTm)                     Turns: 37788, Time: 02:06:57

Health: 0/147      AC: 20    Str: 12    XL:     16   Next: 21%
Magic:  25/30      EV: 10    Int: 20    God:    Okawaru [******]
Gold:   1834       SH:  0    Dex: 13    Spells: 23/35 levels left

rFire    . . .     SeeInvis +     - Unarmed
rCold    . . .     Gourm    .   (shield currently unavailable)
rNeg     . . .     Faith    .   (armour unavailable)
rPois    +         Spirit   .   (helmet restricted)
rElec    .         Reflect  +   M - +2 cloak {rPois}
rCorr    .         Harm     .   (gloves currently unavailable)
MR       ++...                  L - +2 pair of boots {Stlth+}
Stlth    ++........             s - +4 amulet of reflection
HPRegen  0.34/turn              z - ring of see invisible
MPRegen  0.22/turn              l - ring of protection from magic

@: blade hands, very slightly contaminated, held
A: walk through water, unfitting armour, unbreathing, cold-blooded, AC +14
a: End Transformation, Heroism, Finesse, Renounce Religion


You were on level 2 of the Spider Nest.
You worshipped Okawaru.
Okawaru was exalted by your worship.
You were not hungry.
You had blades for hands.
You visited 3 branches of the dungeon, and saw 24 of its levels.
You also visited: Bailey and Ice Cave.

You collected 1834 gold pieces.

Inventory:

Missiles
 a - 154 arrows
 D - 640 stones (quivered)
 Y - 2 throwing nets {!f}
Armour
 L - a +2 pair of boots of stealth (worn)
   (Okawaru gifted it to you on level 14 of the Dungeon)
 M - a +2 cloak of poison resistance (worn)
   (You found it on level 10 of the Dungeon)
 Q - a +1 shield of cold resistance
   (You took it off Asterion on level 1 of the Spider Nest)
 U - a +2 pair of gloves of archery (melded)
   (You found it on level 10 of the Dungeon)
 Z - a +1 buckler of protection (melded)
   (You found it on level 10 of the Dungeon)
Magical Staves
 C - an uncursed staff of air
   (You found it in an ice cave)
Jewellery
 g - an uncursed ring of protection from fire
   (You found it on level 14 of the Dungeon)
 i - an uncursed ring of protection from fire
   (You found it on level 13 of the Dungeon)
 l - a ring of protection from magic (right scythe-like blade)
   (You found it on level 3 of the Lair of Beasts)
 o - an uncursed ring of protection from cold
   (You found it on level 13 of the Dungeon)
 s - a +4 amulet of reflection (around neck)
   (You found it on level 2 of the Dungeon)
 z - a ring of see invisible (left scythe-like blade)
   (You found it on level 10 of the Dungeon)
 F - a +2 ring of protection
   (You found it on level 7 of the Dungeon)
 K - an uncursed amulet of regeneration
   (You found it on level 4 of the Dungeon)
 V - an uncursed ring of positive energy
   (You found it on level 10 of the Dungeon)
Wands
 d - a wand of iceblast (11)
   (You found it on level 6 of the Dungeon)
 u - a wand of paralysis (13)
   (You found it on level 8 of the Dungeon)
 v - a wand of digging (5)
   (You found it on level 6 of the Lair of Beasts)
 w - a wand of enslavement (10)
   (You found it on level 6 of the Lair of Beasts)
 x - a wand of acid (1)
   (You found it on level 12 of the Dungeon)
Scrolls
 b - 15 scrolls of remove curse {@r2}
 c - 6 scrolls of magic mapping
 j - a scroll of noise {!r}
 n - 2 scrolls of identify {@r1}
 r - a scroll of fog
 y - 8 scrolls of teleportation {@r4}
 E - a scroll of immolation {!r}
 H - a scroll of enchant armour
 S - 5 scrolls of blinking
 W - 2 scrolls of enchant weapon
Potions
 f - 3 potions of brilliance
 h - a potion of resistance
 k - 5 potions of agility
 m - 9 potions of curing {@q1}
 p - 7 potions of flight
 q - 4 potions of might
 A - 2 potions of invisibility
 G - 2 potions of cancellation
 I - 3 potions of haste {@q3}
 J - 3 potions of heal wounds {@q2}
 N - 2 potions of ambrosia
 O - 4 potions of lignification {!q}
 P - 4 potions of mutation {!q}
 R - 4 potions of berserk rage
Miscellaneous
 T - a box of beasts
 X - a lamp of fire
   (You found it on level 10 of the Dungeon)
Comestibles
 e - 40 rations {!d}


   Skills:
 + Level 14.4 Fighting
 + Level 12.2 Dodging
 - Level 6.9 Shields
 * Level 14.4 Unarmed Combat
 - Level 10.0 Spellcasting
 - Level 5.0 Translocations
 - Level 10.0 Transmutations
 - Level 8.0 Invocations


You had 23 spell levels left.
You knew the following spells:

 Your Spells              Type           Power        Failure   Level  Hunger
a - Blade Hands           Tmut           ######....   26%         5    ####...
b - Blink                 Tloc           N/A          17%         2    None
s - Sticks to Snakes      Tmut           ######..     9%          2    None
x - Spider Form           Tmut/Pois      ####......   24%         3    None

Your spell library contained the following spells:

 Spells                   Type           Power        Failure   Level  Hunger
 Beastly Appendage        Tmut           ######       7%          1    None
 Gell's Gravitas          Tloc           ####......   24%         3    None
 Confusing Touch          Hex            ##....       38%         1    None
 Magic Dart               Conj           ##..         38%         1    None
 Ice Form                 Ice/Tmut       ####....     43%         4    ##.....
 Petrify                  Tmut/Erth      ####....     43%         4    ##.....
 Call Imp                 Summ           ##......     47%         2    None
 Slow                     Hex            ##......     47%         2    None
 Confuse                  Hex            ##......     63%         3    None
 Conjure Flame            Conj/Fire      ##......     63%         3    None
 Mephitic Cloud           Conj/Pois/Air  ##......     63%         3    None
 Yara's Violent Unravell  Hex/Tmut       ####......   67%         5    ####...
 Cause Fear               Hex            ##........   90%         4    ##.....
 Leda's Liquefaction      Hex/Erth       ##........   90%         4    ##.....
 Statue Form              Tmut/Erth      ####.....    98%         6    ######.
 Bolt of Magma            Conj/Fire/Erth ##........   99%         5    ####...
 Borgnjor's Vile Clutch   Necr/Erth      ##........   99%         5    ####...
 Metabolic Englaciation   Hex/Ice        ##........   99%         5    ####...
 Silence                  Hex/Air        ##........   99%         5    ####...
 Deflect Missiles         Chrm/Air       ##........   100%        6    ######.
 Iron Shot                Conj/Erth      ##........   100%        6    ######.
 Shadow Creatures         Summ           N/A          100%        6    ######.
 Discord                  Hex            ##........   100%        8    #######
 Dragon's Call            Summ           ##........   100%        9    #######
 Shatter                  Erth           ##........   100%        9    #######


Dungeon Overview and Level Annotations

Branches:
Dungeon (15/15)            Temple (0/1) D:5            Lair (6/6) D:10
 Shoals (0/4) Lair:2       Spider (3/4) Lair:3        Slime (0/5) Lair:6
    Orc (0/2) D:12         Vaults (0/5) D:13         Depths (0/5) D:15

Altars:
Ashenzari
Dithmenos
Elyvilon
Fedhas
Okawaru
Ru
Trog
Vehumet
Wu Jian
Xom
Yredelemnul
The Shining One

Shops:
D:6 :

Portals:
Trove: D:13 (give 5 potions of resistance)

Annotations:
D:12 exclusions: 3 tormentors and 1 more exclusion


Innate Abilities, Weirdness & Mutations

You can walk through water.
Your dull iron-grey scales are very hard. (AC +14)
You cannot fit into any form of body armour.
You can survive without breathing.
You are cold-blooded and may be slowed by cold attacks.


Message History

The jumping spider bites you.
* * * LOW HITPOINT WARNING * * *
The jumping spider pounces on you.
* * * LOW HITPOINT WARNING * * *
The jumping spider misses you. The jumping spider barely misses you.
The jumping spider bites you!
* * * LOW HITPOINT WARNING * * *
There is a stone staircase leading up, spattered with blood here.
The jumping spider closely misses you. The jumping spider barely misses you.
The jumping spider closely misses you. x2; The jumping spider pounces on you!
* * * LOW HITPOINT WARNING * * *
The jumping spider bites you but does no damage.
The jumping spider barely misses you. The jumping spider misses you.
The jumping spider pounces on you!
* * * LOW HITPOINT WARNING * * *
The jumping spider bites you.
* * * LOW HITPOINT WARNING * * *
You climb upwards.
There is a stone staircase leading down here.
Unknown command.
Okay, then.
Unknown command.
You miscast Blink.
You are very lightly contaminated with residual magic.
Your skin tingles.
The jumping spider completely misses you.
The jumping spider misses you. The jumping spider pounces on you.
* * * LOW HITPOINT WARNING * * *
You are caught in a web!
The jumping spider barely misses you. The jumping spider misses you.
The jumping spider completely misses you.
The jumping spider pounces on you but does no damage.
The jumping spider bites you but does no damage.
The jumping spider barely misses you. You block the jumping spider's attack.
The jumping spider misses you. The jumping spider closely misses you.
The jumping spider misses you. The jumping spider barely misses you.
The jumping spider pounces on you but does no damage.
The jumping spider barely misses you. The jumping spider misses you.
The jumping spider closely misses you.
You blink.
The jumping spider completely misses you.
The jumping spider closely misses you. The jumping spider pounces on you!
* * * LOW HITPOINT WARNING * * *
You are caught in a web!
The jumping spider bites you but does no damage.
You struggle to detach yourself from the web.
The jumping spider closely misses you. The jumping spider bites you!
* * * LOW HITPOINT WARNING * * *
The jumping spider barely misses you. The jumping spider bites you!
You die...

#....#................<#...
#...........)..............
#..........................
##.............#...........
#^......#.....#...........
###.....#..............#..
##...##..............#..
#####...............#..
##ยง.s@.............#..
#...s.............##..
###...^..#..##....##..
###...##...#...>##..
#...##...##.^##...
#####....##.##....
#....#...###.....
#.....^....#.....
###........#.....


You could see 2 jumping spiders.

Vanquished Creatures
  Jorgrun (D:14)
  Asterion (Spider:1)
  Roxanne (D:14)
  Kirke (Spider:1)
  An emperor scorpion (Spider:1)
  A ghost moth (Spider:3)
  Josephine (Spider:1)
  Erolcha (D:13)
  5 vault guards (D:13)
  5 hydras
  An ice dragon (Lair:5)
  10 two-headed ogres
  3 death knights (D:12)
  4 catoblepae
  2 ogre magi (D:15)
  22 spriggans
  Sonja (D:13)
  2 unseen horrors
  6 wizards
  A lindwurm (Lair:6)
  A necromancer (Lair:4)
  An orc knight (Bailey)
  7 orb spiders (Spider:2)
  A deep elf mage (D:14)
  17 wolf spiders
  5 cyclopes
  7 ugly things
  2 orc sorcerers
  An elephant (Lair:6)
  2 naga magi (D:15)
  A moth of wrath (Spider:1)
  A merfolk siren (Lair:2)
  7 black mambas
  2 ice statues (IceCv)
  A centaur skeleton (D:11)
  9 spiny frogs
  5 gargoyles
  A yaktaur (D:13)
  A kobold demonologist (D:12)
  A komodo dragon (Lair:3)
  9 ice devils
  8 demonic crawlers
  8 trolls
  3 meliai (D:14)
  A queen bee (D:14)
  4 polar bears
  20 jumping spiders
  3 slime creatures (D:15)
  6 blink frogs (Lair:3)
  7 hippogriffs
  7 hornets
  4 dream sheep (Lair:5)
  A vampire (D:9)
  2 shadows
  11 tarantellas
  A centaur simulacrum (D:15)
  6 wyverns
  26 redbacks
  2 basilisks
  Eustachio (D:6)
  7 wraiths
  5 hogs
  2 steam dragons
  42 yaks
  A human (D:9)
  3 vampire mosquitoes (D:13)
  4 acid dragons
  A soldier ant (D:12)
  Duvessa (D:5)
  18 water moccasins
  8 porcupines
  9 orc warriors
  8 sky beasts
  An elephant zombie (Lair:4)
  4 boggarts (Lair:6)
  10 ogres
  7 black bears
  A necrophage (D:11)
  32 wolves
  A centaur (D:6)
  5 phantoms
  4 big kobolds
  17 crocodiles
  Blork the orc (D:4)
  27 bullfrogs
  A komodo dragon zombie (Lair:4)
  Dowan (D:5)
  A hornet simulacrum (D:10)
  5 scorpions
  7 wights
  22 killer bees
  12 electric eels
  4 howler monkeys
  7 centaur zombies
  12 crimson imps
  7 human zombies (D:7)
  5 jellies
  3 bullfrog zombies
  5 orc priests
  A bullfrog skeleton (D:12)
  6 hounds
  15 orc wizards
  6 iguanas
  13 worker ants
  A crocodile zombie (Lair:4)
  An ogre zombie (D:7)
  An ogre skeleton (D:7)
  2 hound skeletons
  A mummy (D:7)
  7 gnolls
  A worker ant zombie (D:7)
  11 adders
  A hound simulacrum (D:10)
  6 shadow imps
  8 white imps
  7 ufetubi (IceCv)
  3 oozes
  3 adder zombies
  An adder skeleton (D:4)
  A dart slug (D:1)
  4 worms
  8 leopard geckos
  76 orcs
  A ball python (D:4)
  8 giant cockroaches
  8 goblins
  5 hobgoblins
  14 jackals
  2 quokkas
  5 bats
  A frilled lizard (D:3)
  A jackal skeleton (D:7)
  45 kobolds
  A quokka skeleton (D:4)
  10 rats
869 creatures vanquished.

Vanquished Creatures (collateral kills)
  2 hydras (Lair:3)
  Erica (D:8)
  Edmund (D:6)
  An ogre (D:7)
  A scorpion (D:9)
  An orc (D:6)
7 creatures vanquished.

Vanquished Creatures (others)
  A reaper (IceCv)
  A jumping spider (Spider:2)
  A howler monkey (D:11)
  3 white imps (IceCv)
  6 ufetubi (IceCv)
  A quokka (D:8)
  30 fungi
  4 plants (D:10)
47 creatures vanquished.

Grand Total: 923 creatures vanquished

Notes
Turn   | Place    | Note
-------+----------+-------------------------------------------
     0 | D:1      | Norn the Draconian Transmuter began the quest for the Orb.
     0 | D:1      | Reached XP level 1. HP: 16/16 MP: 3/3
    50 | D:1      | You fall through a shaft!
    65 | D:2      | Reached XP level 2. HP: 17/23 MP: 3/5
    82 | D:2      | Learned a level 2 spell: Sticks to Snakes
   733 | D:2      | Reached XP level 3. HP: 23/28 MP: 3/6
  1397 | D:3      | Reached XP level 4. HP: 33/35 MP: 5/7
  2276 | D:3      | Learned a level 3 spell: Spider Form
  2357 | D:3      | Noticed a sky beast
  2369 | D:3      | Killed a sky beast
  2369 | D:3      | Reached skill level 5 in Unarmed Combat
  2369 | D:3      | Reached XP level 5. HP: 32/40 MP: 5/8
  2810 | D:4      | Noticed an ogre
  2813 | D:4      | Reached XP level 6. HP: 7/47 MP: 6/9
  3121 | D:4      | Found a shadowy altar of Dithmenos.
  3312 | D:3      | Reached skill level 5 in Transmutations
  4023 | D:4      | Noticed Blork the orc
  4039 | D:4      | Killed Blork the orc
  4039 | D:4      | Your scales start taking on a dull iron-grey colour.
  4039 | D:4      | Reached XP level 7. HP: 36/56 MP: 3/10
  4039 | D:4      | Gained mutation: You can survive without breathing. [Grey
                  | Draconian growth]
  4154 | D:4      | Found a blossoming altar of Fedhas.
  4433 | D:4      | Found an iron altar of Okawaru.
  4511 | D:4      | Became a worshipper of Warmaster Okawaru
  4548 | D:5      | Entered Level 5 of the Dungeon
  4606 | D:5      | Found a staircase to the Ecumenical Temple.
  4670 | D:5      | Noticed Duvessa
  4670 | D:5      | Noticed Dowan
  4774 | D:5      | Killed Duvessa
  4783 | D:5      | Killed Dowan
  4983 | D:5      | Found a shattered altar of Ashenzari.
  5323 | D:6      | Found a shimmering altar of Xom.
  5343 | D:6      | Reached XP level 8. HP: 55/67 MP: 8/11
  5361 | D:6      | Noticed Eustachio
  5375 | D:6      | Killed Eustachio
  5380 | D:6      | Reached * piety under Okawaru
  5494 | D:6      | Reached skill level 5 in Fighting
  5730 | D:6      | Learned a level 5 spell: Blade Hands
  5757 | D:6      | Noticed Edmund
  5847 | D:6      | Found a glowing golden altar of the Shining One.
  5950 | D:6      | Found Xiudd's Book Boutique.
  6038 | D:6      | Killed Edmund
  6433 | D:7      | Reached XP level 9. HP: 62/75 MP: 12/12
  6881 | D:6      | Reached ** piety under Okawaru
  7663 | D:7      | Found a basalt altar of Yredelemnul.
  8368 | D:8      | Found a shimmering altar of Xom.
  8369 | D:8      | Found a shimmering altar of Xom.
  8370 | D:8      | Found a shimmering altar of Xom.
  8373 | D:8      | Found a shimmering altar of Xom.
  8407 | D:8      | Reached *** piety under Okawaru
  8537 | D:8      | Found a white marble altar of Elyvilon.
  8670 | D:8      | Noticed Erica
  8684 | D:8      | Killed Erica
  8684 | D:8      | Reached **** piety under Okawaru
  8684 | D:8      | Reached XP level 10. HP: 86/88 MP: 5/13
  8831 | D:8      | Found a shimmering altar of Xom.
  8847 | D:8      | Got a crystal long sword
  9031 | D:9      | Found a glowing golden altar of the Shining One.
  9031 | D:9      | Noticed a two-headed ogre
  9045 | D:9      | Killed a two-headed ogre
  9397 | D:9      | Identified the cursed +3 long sword "Grim Tooth" {vamp,
                  | *Drain rElec Str-4 Int+9} (You found it on level 8 of the
                  | Dungeon)
  9558 | D:9      | Found a radiant altar of Vehumet.
  9742 | D:9      | Found a bloodstained altar of Trog.
  9769 | D:9      | Reached ***** piety under Okawaru
  9903 | D:9      | Reached skill level 5 in Dodging
 10642 | D:10     | Entered Level 10 of the Dungeon
 11142 | D:10     | Reached skill level 10 in Transmutations
 11207 | D:10     | Found a staircase to the Lair.
 11778 | D:10     | Found a shadowy altar of Dithmenos.
 11818 | D:10     | Found a bloodstained altar of Trog.
 12127 | D:10     | Received a gift from Okawaru
 12127 | D:10     | Reached XP level 11. HP: 59/99 MP: 11/15
 12441 | D:10     | Noticed a wizard
 12459 | D:10     | Killed a wizard
 12459 | D:10     | Reached skill level 10 in Fighting
 12652 | D:10     | Noticed a four-headed hydra
 12654 | D:10     | Noticed a cyan ugly thing
 12780 | D:10     | Killed a nine-headed hydra
 12882 | D:10     | Killed a cyan ugly thing
 12882 | D:10     | Reached skill level 5 in Spellcasting
 13254 | Lair:1   | Entered Level 1 of the Lair of Beasts
 14212 | Lair:2   | Noticed a catoblepas
 14229 | Lair:2   | Killed a catoblepas
 14465 | Lair:2   | Noticed a six-headed hydra
 14504 | Lair:2   | Killed a ten-headed hydra
 14504 | Lair:2   | Received a gift from Okawaru
 14504 | Lair:2   | Reached XP level 12. HP: 17/110 MP: 4/22
 14510 | Lair:2   | Got a translucent buckler {god gift}
 14640 | Lair:2   | Identified the +1 buckler of Ahio {*Contam +Inv Str+6
                  | Dex-5} (Okawaru gifted it to you on level 2 of the Lair of
                  | Beasts)
 14675 | Lair:2   | Found a staircase to the Shoals.
 14790 | Lair:2   | Reached skill level 1 in Shields
 15542 | Lair:3   | Found a hole to the Spider Nest.
 15749 | Lair:3   | Noticed a six-headed hydra
 15783 | Lair:3   | Killed a nine-headed hydra
 16136 | Lair:3   | Noticed a seven-headed hydra
 16164 | Lair:3   | Killed a seven-headed hydra
 16314 | Lair:3   | Reached ****** piety under Okawaru
 16481 | Lair:3   | Noticed a six-headed hydra
 16660 | Lair:3   | Killed a six-headed hydra
 17388 | Lair:4   | Noticed a catoblepas
 17410 | Lair:4   | Killed a catoblepas
 17410 | Lair:4   | Received a gift from Okawaru
 17938 | Lair:4   | Reached XP level 13. HP: 90/118 MP: 23/26
 18433 | Lair:5   | Reached skill level 10 in Spellcasting
 18496 | Lair:5   | Reached skill level 1 in Invocations
 19356 | Lair:6   | Entered Level 6 of the Lair of Beasts
 19527 | Lair:6   | Found a frozen archway.
 19551 | IceCv    | Entered an ice cave
 19795 | IceCv    | Killed a reaper
 19814 | IceCv    | Reached skill level 5 in Invocations
 20856 | Lair:6   | Received a gift from Okawaru
 21085 | Lair:6   | Reached skill level 10 in Unarmed Combat
 21087 | Lair:6   | Reached skill level 10 in Dodging
 21203 | Lair:6   | Paralysed by a hornet for 3 turns
 21648 | Lair:6   | Found a staircase to the Slime Pits.
 21944 | Lair:6   | Reached XP level 14. HP: 107/126 MP: 20/28
 21951 | Lair:6   | Received a gift from Okawaru
 23820 | D:12     | Found a flagged portal.
 23829 | Bailey   | Entered a bailey
 24735 | D:12     | Received a gift from Okawaru
 24955 | D:12     | Found a staircase to the Orcish Mines.
 24979 | D:12     | Identified the Volume of the Entourage and Necromancy
 25324 | D:12     | Reached skill level 5 in Shields
 26062 | D:13     | Noticed Erolcha
 26074 | D:13     | Killed Erolcha
 26613 | D:13     | Found a gate to the Vaults.
 26735 | D:13     | Noticed Sonja
 26740 | D:13     | Found a portal to a secret trove of treasure.
 26742 | D:13     | Killed Sonja
 26856 | D:14     | Found a sacrificial altar of Ru.
 27071 | D:14     | Found an ornate altar of the Wu Jian Council.
 27144 | D:14     | Noticed Jorgrun
 27156 | D:14     | Killed Jorgrun
 27156 | D:14     | Received a gift from Okawaru
 27778 | D:14     | Noticed Roxanne
 27844 | D:14     | Received a gift from Okawaru
 28174 | D:14     | Reached XP level 15. HP: 136/136 MP: 24/29
 29115 | D:14     | Killed Roxanne
 29336 | D:15     | Entered Level 15 of the Dungeon
 29506 | D:15     | Learned a level 2 spell: Blink
 29806 | D:15     | Reached skill level 1 in Translocations
 31538 | D:15     | Found a staircase to the Depths.
 31820 | Spider:1 | Entered Level 1 of the Spider Nest
 32167 | Spider:1 | Received a gift from Okawaru
 32174 | Spider:1 | Noticed Asterion
 32204 | Spider:1 | Noticed an Executioner
 32210 | Spider:1 | HP: 5/137 [Asterion/+2 morningstar of protection (22)]
 32627 | Spider:1 | Noticed Josephine
 32863 | Spider:1 | Killed Josephine
 33276 | Spider:1 | Killed Asterion
 33424 | Spider:1 | Noticed Kirke
 33439 | Spider:1 | Killed Kirke
 34554 | Spider:2 | Received a gift from Okawaru
 35472 | Spider:2 | Reached XP level 16. HP: 122/146 MP: 26/30
 36244 | Spider:2 | HP: 7/146 [wolf spider (14)]
 36249 | Spider:2 | Reached skill level 5 in Translocations
 37788 | Spider:2 | HP: 7/147 [jumping spider (10)]
 37788 | Spider:2 | Slain by a jumping spider

Skill      XL: |  1  2  3  4  5  6  7  8  9 10 11 12 13 14 15 16 |
---------------+-------------------------------------------------+-----
Transmutations | 3 4 5 6 7 8 10 | 10.0
Unarmed Combat | 4 5 6 7 9 10 12 14 | 14.4
Fighting       | 2 4 6 8 9 11 12 13 14 | 14.4
Dodging        | 3 6 7 8 10 11 12 | 12.2
Spellcasting   | 3 7 9 10 | 10.0
Shields        | 4 6 |  6.9
Invocations    | 7 8 |  8.0
Translocations | 4 5 |  5.0

Action                   |  1- 3 |  4- 6 |  7- 9 | 10-12 | 13-15 | 16-18 || total
-------------------------+-------+-------+-------+-------+-------+-------++-------
Melee: Unarmed           |   167 |   150 |   551 |   806 |  1420 |   117 ||  3211
       Tailslap          |    14 |    16 |    44 |   103 |   139 |    13 ||   329
       Headbutt          |     3 |     4 |     6 |       |       |       ||    13
       Kick              |     6 |     6 |     7 |       |       |       ||    19
       Punch             |     2 |       |    15 |    23 |    43 |     4 ||    87
       Staff             |       |       |       |       |     4 |       ||     4
Throw: Stone             |       |     4 |     2 |     1 |     1 |       ||     8
 Cast: Beastly Appendage |     6 |     6 |     9 |       |       |       ||    21
       Sticks to Snakes  |     1 |    10 |    18 |    30 |    31 |       ||    90
       Spider Form       |       |     7 |    14 |     3 |     1 |       ||    25
       Blade Hands       |       |       |       |    45 |   140 |    15 ||   200
       Blink             |       |       |       |       |       |     1 ||     1
Invok: Heroism           |       |       |     2 |     5 |    11 |       ||    18
       Finesse           |       |       |       |       |     1 |       ||     1
 Abil: End Transformatio |       |       |       |     2 |     1 |       ||     3
Evoke: Wand              |       |       |       |    21 |     8 |       ||    29
  Use: Scroll            |       |       |       |    18 |    25 |     1 ||    44
       Potion            |       |       |       |     1 |     4 |     2 ||     7
 Stab: Sleeping          |     2 |       |     1 |       |     1 |       ||     4
       Distracted        |       |     1 |     1 |     1 |     2 |       ||     5
       Paralysed         |       |       |       |     6 |     2 |       ||     8
  Eat: Chunk             |     2 |     7 |    12 |    30 |    54 |       ||   105
       Ration            |       |     1 |     2 |     4 |    10 |     3 ||    20
Armor: Skin              |    56 |    25 |   166 |   314 |   428 |   102 ||  1091
Dodge: Dodged            |   111 |    93 |   380 |   605 |  1256 |   249 ||  2694
Block: Other             |       |       |       |    54 |    66 |    27 ||   147
       Reflection        |       |       |       |     2 |     1 |       ||     3
       Buckler           |       |       |       |       |    78 |    32 ||   110
